 Dungeon Crawl Stone Soup version 0.28-a0-662-g1651b1f1e0 (webtiles) character file.

Game seed: 7656923761606653304

790 bande the Shield-Bearer (level 7, -1/44 HPs)
             Began as a Gargoyle Fighter on Oct 15, 2021.
             Slain by a two-headed ogre (7 damage)
             ... on level 5 of the Dungeon.
             The game lasted 00:08:50 (6410 turns).

bande the Shield-Bearer (Gargoyle Fighter)          Turns: 6410, Time: 00:08:51

Health: -1/44      AC: 16    Str: 21    XL:     7   Next: 87%
Magic:  7/7        EV:  7    Int:  8    God:
Gold:   156        SH:  9    Dex: 10    Spells: 6/6 levels left

rFire   . . .      SeeInvis .   a - +0 war axe
rCold   . . .      Faith    .   f - +0 kite shield
rNeg    + . .      Spirit   .   b - +0 scale mail
rPois   ∞          Reflect  .   g - +2 hat
rElec   +          Harm     .   o - +0 cloak
rCorr   .          Rampage  .   (no gloves)
Will    .....                   m - +0 pair of boots
Stlth   ..........              (no amulet)
HPRegen 0.14/turn               (no ring)
MPRegen 0.10/turn               (no ring)

@: no status effects
A: sickness immunity, AC +4, negative energy resistance 1, electricity
resistance, torment resistance 1, petrification resistance
a: no special abilities


You were on level 5 of the Dungeon.
You visited 1 branch of the dungeon, and saw 5 of its levels.

You collected 156 gold pieces.

Inventory:

Hand Weapons
 a - a +0 war axe (weapon)
Missiles
 k - a throwing net (quivered)
Armour
 b - a +0 scale mail (worn)
 f - a +0 kite shield (worn)
 g - a +2 hat (worn)
 m - a +0 pair of boots (worn)
 o - a +0 cloak (worn)
Jewellery
 h - a ring of magical power
 p - an amulet of magic regeneration
Scrolls
 c - a scroll of identify
 j - 2 scrolls of amnesia
 n - a scroll of enchant armour {unknown}
 s - 2 scrolls of magic mapping
Potions
 d - a potion of might
 e - 2 potions of cancellation
 i - a potion of brilliance
 l - a potion of ambrosia {unknown}


   Skills:
 + Level 4.7 Fighting
 + Level 5.5 Axes
 + Level 5.1 Armour
 + Level 5.5 Shields


You had 6 spell levels left.
You didn't know any spells.
Your spell library contained the following spells:

 Spells                   Type           Power      Damage    Failure   Level
 Sandblast                Erth           0%         2d4       98%         1
 Passwall                 Tmut/Erth      0%         N/A       99%         2
 Stone Arrow              Conj/Erth      0%         3d7       100%        3


Dungeon Overview and Level Annotations

Branches:
Dungeon (5/15)
 Temple: D:4-7

Altars:


Innate Abilities, Weirdness & Mutations

You are immune to sickness and miasma.
Your stone body is resilient. (AC +4)
You are immune to poison.
You resist negative energy. (rN+)
You are resistant to electric shocks. (rElec)
You are resistant to unholy torment.
You are immune to petrification.


Message History

You barely miss the worm.
The worm is lightly wounded.
The worm bites you but does no damage.
You slash the worm!
The worm is heavily wounded.
The worm bites you!
You slash the worm!
The worm is almost dead.
You slash the worm!
You kill the worm!
No target in view!
No target in view!
No target in view!
A two-headed ogre comes into view.
It is wielding a +0 giant club and a +0 dire flail.
The two-headed ogre shouts in stereo!
A two-headed ogre is nearby!
A water moccasin comes into view.
The water moccasin hisses angrily.
The two-headed ogre hits you with a +0 giant club!!
The two-headed ogre hits you with a +0 dire flail!
You are too injured to fight recklessly!
You are too injured to fight recklessly!
You are too injured to fight recklessly!
You are too injured to fight recklessly!
You are too injured to fight recklessly!
You are too injured to fight recklessly!
You are too injured to fight recklessly!
You are too injured to fight recklessly!
You barely miss the two-headed ogre. The two-headed ogre barely misses you.
The two-headed ogre hits you with a +0 dire flail.
* * * LOW HITPOINT WARNING * * *
You hit the two-headed ogre but do no damage.
The two-headed ogre hits you with a +0 giant club.
* * * LOW HITPOINT WARNING * * *
The two-headed ogre hits you with a +0 dire flail.
* * * LOW HITPOINT WARNING * * *
Unknown command.
You hit the two-headed ogre but do no damage.
The two-headed ogre hits you with a +0 giant club!
You die...

# # ### #.##
..# ...# #.#
#.# ###.###
#SO@..#
#.###.## ..
#..#
###.###..#
#......#
###.##.#
#####
#.##.###...#
#..........#
####.###...#


You could see a two-headed ogre and a water moccasin.

Vanquished Creatures
  An ice beast (D:4)
  A black bear (D:5)
  A centaur (D:5)
  2 scorpions
  A centaur zombie (D:4)
  A hound (D:5)
  Crazy Yiuf (D:4)
  A bullfrog skeleton (D:5)
  3 orc wizards (D:4)
  An iguana (D:4)
  2 hound skeletons (D:4)
  Robin (D:4)
  2 adders (D:5)
  2 ufetubi (D:5)
  An adder skeleton (D:2)
  4 worms
  2 dart slugs
  9 orcs
  12 bats
  5 endoplasms
  2 giant cockroaches (D:2)
  15 goblins
  9 hobgoblins
  3 jackals (D:3)
  5 kobolds
  4 quokkas
  11 ball pythons
  3 frilled lizards
  6 rats
111 creatures vanquished.

Notes
Turn   | Place    | Note
-------+----------+-------------------------------------------
     0 | D:1      | bande the Gargoyle Fighter began the quest for the Orb.
     0 | D:1      | Reached XP level 1. HP: 14/14 MP: 1/1
   286 | D:1      | Reached XP level 2. HP: 13/19 MP: 2/2
  1298 | D:2      | Reached XP level 3. HP: 16/23 MP: 3/3
  2336 | D:2      | Reached XP level 4. HP: 29/29 MP: 4/4
  3234 | D:4      | Noticed an ice beast
  3279 | D:4      | Reached XP level 5. HP: 21/33 MP: 5/5
  4064 | D:4      | HP: 1/33 [ice beast (7)]
  4085 | D:4      | Killed an ice beast
  4086 | D:4      | Reached XP level 6. HP: 12/38 MP: 6/6
  4883 | D:4      | Noticed Robin
  4883 | D:4      | Noticed a black bear
  4891 | D:5      | Entered Level 5 of the Dungeon
  4986 | D:5      | Killed a black bear
  4987 | D:5      | Reached XP level 7. HP: 41/43 MP: 7/7
  5113 | D:4      | Killed Robin
  5187 | D:4      | Reached skill level 5 in Axes
  5187 | D:4      | Reached skill level 5 in Shields
  5559 | D:4      | Found a runed translucent door.
  5560 | D:4      | Noticed Crazy Yiuf
  5658 | D:4      | Killed Crazy Yiuf
  5922 | D:5      | Reached skill level 5 in Armour
  6405 | D:5      | Noticed a two-headed ogre
  6410 | D:5      | Slain by a two-headed ogre

Illustrated notes

Levels and vault maps discovered:
D:1:      dpeg_arrival_pits, layout_basic, hangedman_decor_push
D:2:      minmay_alternating_diamond, layout_loops_ring
D:3:      layout_loops_ring
D:4:      layout_cave_pools, minmay_vboxes, uniq_crazy_yiuf_cottage, uniq_robin
D:5:      minmay_diamond_boxcup, layout_loops_ring

Skill      XL: |  1  2  3  4  5  6  7 |
---------------+----------------------+-----
Axes           | 2 3 4 5 |  5.5
Armour         | 4 5 |  5.1
Shields        | 4 5 |  5.5
Fighting       | 4 |  4.7

Action                   |  1- 3 |  4- 6 |  7- 9 || total
-------------------------+-------+-------+-------++-------
Melee: War axe           |   171 |   155 |    91 ||   417
  Use: Scroll            |     1 |     6 |       ||     7
       Potion            |       |     5 |       ||     5
Armor: Scale mail        |   128 |   185 |    77 ||   390
       Skin              |       |     8 |       ||     8
Dodge: Dodged            |    69 |    77 |    36 ||   182
Block: Kite shield       |    79 |   110 |    62 ||   251

Table legend: (Time is in decaauts)
 A = Elapsed time spent in this place.
 B = Non-inter-level travel time spent in this place.
 C = Inter-level travel time spent in this place.
 D = Time resting spent in this place.
 E = Time spent auto-exploring this place.
 F = Levels seen in this place.
 G = Mean time per level.
                   A        B        C        D        E       F      G
               +--------+--------+--------+--------+--------+-----+--------+
         Total |   6626 |   6547 |     79 |   1835 |   3506 |   5 | 1325.2 |
       Dungeon |   6626 |   6547 |     79 |   1835 |   3506 |   5 | 1325.2 |
               +--------+--------+--------+--------+--------+-----+--------+

Top non-repeatable levels by time:
     D:4: 2395 daAuts
     D:2: 1359 daAuts
     D:1: 1272 daAuts
     D:5: 870 daAuts
     D:3: 728 daAuts
